 Dungeon Sprint DCSS version 0.24.0-13-gcf9b319 (webtiles) character file.

Game seed: 17184597906505701865, levelgen mode: deterministic

283 EndlessMike the Slicer (level 6, 0/32 HPs)
             Began as a Vampire Monk on Apr 9, 2020.
             Was a Believer of Hepliaklqana.
             Slain by Sonja
             ... wielding a +2 dagger of venom
              (1 damage)
             ... in the Dungeon (Sprint I: "Red Sonja").
             The game lasted 00:02:41 (681 turns).

EndlessMike the Slicer (Vampire Monk)                Turns: 681, Time: 00:02:42

Health: 0/32       AC:  2    Str: 11    XL:     6   Next: 7%
Magic:  6/6        EV: 14    Int: 12    God:    Hepliaklqana [**....]
Gold:   313        SH:  0    Dex: 18    Spells: 5/5 levels left

rFire    . . .     SeeInvis +   a - +0 short sword
rCold    + + .     Gourm    .   (no shield)
rNeg     + + +     Faith    .   b - +0 robe
rPois    ∞         Spirit   .   (no helmet)
rElec    .         Reflect  .   (no cloak)
rCorr    .         Harm     .   (no gloves)
MR       .....     NoTele   +   (no boots)
Stlth    +++++.....             (no amulet)
HPRegen  0.00/turn              (no ring)
MPRegen  0.10/turn              (no ring)

@: bloodless, regenerating quickly
A: no food, reduced essence, fangs 3, see invisible, unbreathing
a: Bat Form, Revivify, Recall Ancestor, Ancestor Identity, Renounce Religion


You were in the Dungeon.
You worshipped Hepliaklqana.
Hepliaklqana was pleased with you.
You were bloodless.

You visited 1 branch You collected 313 gold pieces.

Inventory:

Hand Weapons
 a - a +0 short sword (weapon)
 c - a +1 arbalest of flaming
Armour
 b - a +0 robe (worn)
Potions
 d - a potion of heal wounds
 e - a potion of haste
 f - 2 potions of magic
 g - a potion of berserk rage


   Skills:
 + Level 3.1 Fighting
 - Level 13.3 Short Blades
 + Level 3.8 Dodging
 + Level 4.0 Stealth


You had 5 spell levels left.
You didn't know any spells.
Your spell library was empty.

Dungeon Overview and Level Annotations

Branches:
Dungeon (1/1)

Altars:
Cheibriados
Dithmenos
Elyvilon
Fedhas
Gozag
Hepliaklqana
Kikubaaqudgha
Nemelex Xobeh
Okawaru
Qazlal
Ru
Sif Muna
Trog
Uskayaw
Vehumet
Wu Jian
Yredelemnul
Zin
The Shining One

Shops:
D (

Annotations:
D Sonja


Innate Abilities, Weirdness & Mutations

You do not eat.
You do not regenerate when monsters are visible.
You are frail without blood (-20% HP).
You can heal yourself when you bite living creatures.
You are immune to poison.
You have razor-sharp teeth.
You have supernaturally acute eyesight. (SInv)
You can survive without breathing.
Your life essence is reduced to manifest your ancestor. (-10% HP)


Message History

The curare-tipped dart barely misses Sonja.
Sonja hits you with a +2 dagger of venom. x2
Sonja closely misses you.
Mirna misses Sonja.
Sonja hits you with a +2 dagger of venom.
Sonja hits you but does no damage.
Sonja hits you with a +2 dagger of venom.
Mirna closely misses Sonja.
Sonja hits you with a +2 dagger of venom!
* * * LOW HITPOINT WARNING * * *
Sonja hits you with a +2 dagger of venom.
* * * LOW HITPOINT WARNING * * *
Sonja completely misses you.
You see here a curare-tipped dart.
There is an ornate altar of the Wu Jian Council here.
Sonja hits you with a +2 dagger of venom.
* * * LOW HITPOINT WARNING * * *
Sonja hits you with a +2 dagger of venom.
* * * LOW HITPOINT WARNING * * *
Sonja hits you with a +2 dagger of venom.
You die...

################
#<.#..'..#.)'..#
#..)..#..'..#..+
#..#####'#####'#
#..####..#...#.#
#..#__####..##@#
#).#_____##'#_K+
#⌠⌠#_.∩.Y.+.(R_#
####_..__##_(#'#
#_____###'#.#
####### #.###
$.$ #$.$# ##.##


You could see the friendly Mirna the knight and Sonja.

Vanquished Creatures
  Sigmund (D)
  An ogre (D)
  A jelly (D)
  Ijyb (D)
4 creatures vanquished.

Vanquished Creatures (others)
  A gargoyle (D)
  An ancestor (D)
  A knight (D)
3 creatures vanquished.

Grand Total: 7 creatures vanquished

Notes
Turn   | Place    | Note
-------+----------+-------------------------------------------
     0 | D        | EndlessMike the Vampire Monk began the quest for the Orb.
     0 | D        | Reached XP level 1. HP: 17/17 MP: 1/1
     1 | D        | Noticed Ijyb
    64 | D        | Killed Ijyb
    64 | D        | Reached skill level 7 in Short Blades
    64 | D        | Reached XP level 2. HP: 11/23 MP: 2/2
   115 | D        | Noticed an ogre
   139 | D        | Killed an ogre
   139 | D        | Reached skill level 10 in Short Blades
   139 | D        | Reached XP level 3. HP: 7/28 MP: 3/3
   139 | D        | Reached XP level 4. HP: 8/34 MP: 4/4
   234 | D        | Noticed Sigmund
   237 | D        | Killed Sigmund
   237 | D        | Reached skill level 13 in Short Blades
   237 | D        | Reached XP level 5. HP: 31/31 MP: 5/5
   261 | D        | Found a shimmering blue altar of Sif Muna.
   262 | D        | Found an ornate altar of the Wu Jian Council.
   263 | D        | Found a radiant altar of Vehumet.
   267 | D        | Reached XP level 6. HP: 37/37 MP: 6/6
   295 | D        | Found Zifylout's Antique Weapon Emporium.
   295 | D        | Found an ancient bone altar of Kikubaaqudgha.
   295 | D        | Found a hazy altar of Hepliaklqana.
   295 | D        | Found a hide-covered altar of Uskayaw.
   295 | D        | Found a basalt altar of Yredelemnul.
   295 | D        | Found an opulent altar of Gozag.
   295 | D        | Found a snail-covered altar of Cheibriados.
   295 | D        | Found a sacrificial altar of Ru.
   295 | D        | Found a shadowy altar of Dithmenos.
   295 | D        | Noticed a yak
   296 | D        | Found a stormy altar of Qazlal.
   296 | D        | Found a blossoming altar of Fedhas.
   296 | D        | Found a bloodstained altar of Trog.
   296 | D        | Found an iron altar of Okawaru.
   296 | D        | Found a glowing golden altar of the Shining One.
   296 | D        | Found a glowing silver altar of Zin.
   296 | D        | Found a white marble altar of Elyvilon.
   307 | D        | Found a sparkling altar of Nemelex Xobeh.
   309 | D        | Became a worshipper of Hepliaklqana the Forgotten
   309 | D        | Reached * piety under Hepliaklqana
   309 | D        | Reached ** piety under Hepliaklqana
   487 | D        | Killed a gargoyle
   617 | D        | Remembered your ancestor Mirna as a knight
   669 | D        | Noticed Sonja
   681 | D        | HP: 1/32 [Sonja/+2 dagger of venom (2)]
   681 | D        | Slain by Sonja

Levels and vault maps discovered:
D:        dungeon_sprint_1 [red_sonja_temple_1, red_sonja_temple_small_1]

Skill      XL: |  1  2  3  4  5 |
---------------+----------------+-----
Short Blades   | 7 10 13 | 13.3
Fighting       | 3 |  3.1
Stealth        | 4 |  4.0
Dodging        | |  3.8

Action                   |  1- 3 |  4- 6 || total
-------------------------+-------+-------++-------
Melee: Short sword       |    53 |     6 ||    59
       Bite              |     5 |       ||     5
Throw: Dart              |       |     2 ||     2
Invok: Ancestor Life: Kn |       |     1 ||     1
 Abil: Exsanguinate      |       |     1 ||     1
  Use: Potion            |     1 |       ||     1
       Scroll            |       |     1 ||     1
 Stab: Sleeping          |       |     2 ||     2
Armor: Robe              |     4 |     4 ||     8
Dodge: Dodged            |    26 |     6 ||    32
